 Dungeon Crawl Stone Soup version 0.29-a0-397-g846e4a0bbc (webtiles) character file.

Game seed: 17018714045342170095

688 bande the Covered (level 7, 0/44 HPs)
             Began as a Gargoyle Fighter on May 12, 2022.
             Slain by Duvessa
             ... wielding a +1 rapier of flaming
              (1 damage)
             ... in the Ecumenical Temple.
             The game lasted 00:06:03 (3588 turns).

bande the Covered (Gargoyle Fighter)                Turns: 3588, Time: 00:06:04

Health: 0/44       AC: 16    Str: 20    XL:     7   Next: 62%
Magic:  7/7        EV: 11    Int:  8    God:
Gold:   195        SH:  4    Dex: 11    Spells: 6/6 levels left

rFire   . . .      SeeInvis .   t - +3 war axe (flame)
rCold   . . .      Faith    .   c - +0 buckler
rNeg    + . .      Spirit   .   s - +0 chain mail
rPois   ∞          Reflect  .   e - +1 helmet
rElec   +          Harm     .   (no cloak)
rCorr   .          Rampage  .   (no gloves)
Will    .....                   (no boots)
Stlth   ..........              w - amulet of regeneration
HPRegen 0.94/turn               f - +4 ring of evasion
MPRegen 0.10/turn               h - ring of flight

@: flying
A: sickness immunity, AC +4, negative energy resistance 1, electricity
resistance, torment resistance 1, petrification resistance
a: no special abilities


You were in the Ecumenical Temple.
You visited 2 branches of the dungeon, and saw 6 of its levels.

You collected 195 gold pieces.

Inventory:

Hand Weapons
 a - a +0 war axe
 t - a +3 war axe of flaming (weapon)
Armour
 c - a +0 buckler (worn)
 e - a +1 helmet (worn)
 s - a +0 chain mail (worn)
Jewellery
 f - a +4 ring of evasion (left hand)
 h - a ring of flight (right hand)
 w - an amulet of regeneration (around neck)
Wands
 m - a wand of iceblast (17)
 x - a wand of acid (10)
Scrolls
 l - 2 scrolls of fog
 o - a scroll of blinking
 p - a scroll of brand weapon
Potions
 b - a potion of attraction {unknown}
 d - a potion of might
 j - a potion of cancellation {unknown}
 n - a potion of brilliance {unknown}
 q - a potion of ambrosia {unknown}
 r - 4 potions of curing {unknown}
 v - a potion of heal wounds {unknown}


   Skills:
 + Level 4.4 Fighting
 + Level 5.0 Axes
 + Level 5.1 Armour
 + Level 4.2 Shields
 * Level 2.7 Evocations


You had 6 spell levels left.
You didn't know any spells.
Your spell library contained the following spells:

 Spells                   Type           Power      Damage    Failure   Level
 Gell's Gravitas          Tloc           0%         N/A       100%        3
 Lesser Beckoning         Tloc           0%         N/A       100%        3
 Teleport Other           Tloc           0%         N/A       100%        3


Dungeon Overview and Level Annotations

Branches:
Dungeon (5/15)             Temple (1/1) D:5

Altars:
Cheibriados
Gozag
Hepliaklqana
Qazlal
Sif Muna
Trog

Annotations:
Temple Duvessa


Innate Abilities, Weirdness & Mutations

You are immune to sickness and miasma.
Your stone body is resilient. (AC +4)
You are immune to poison.
You resist negative energy. (rN+)
You are resistant to electric shocks. (rElec)
You are resistant to unholy torment.
You are immune to petrification.


Message History

Dowan is almost dead.
You hit Duvessa. You burn Duvessa. Duvessa hits you but does no damage.
Dowan gestures wildly while chanting.
Dowan blinks!
Duvessa hits you but does no damage.
Unknown command.
You hit Duvessa but do no damage.
Duvessa is heavily wounded.
You block Duvessa's attack. Duvessa misses you.
You hit Duvessa but do no damage.
Duvessa is heavily wounded.
Duvessa yells, "You can run, but you cannot escape us forever!"
You block Duvessa's attack. Duvessa hits you but does no damage.
Duvessa closely misses you.
Dowan casts a spell.
Dowan blinks!
Duvessa hits you but does no damage. x2
Dowan mumbles some strange words.
Dowan blinks!
Duvessa barely misses you.
You slash Dowan! You burn Dowan.
You kill Dowan!
Duvessa screams in rage.
Duvessa goes berserk!
You hit Duvessa. You burn Duvessa.
Duvessa hits you with a +1 rapier of flaming.
Duvessa burns you. Duvessa completely misses you.
Your Axes skill increases to level 5!
You slash Duvessa! You burn Duvessa.
Duvessa is severely wounded.
Duvessa hits you with a +1 rapier of flaming!
* * * LOW HITPOINT WARNING * * *
Duvessa burns you.
* * * LOW HITPOINT WARNING * * *
You block Duvessa's attack.
You slash Duvessa! You burn Duvessa.
Duvessa is almost dead.
Duvessa hits you but does no damage.
Duvessa hits you with a +1 rapier of flaming!
* * * LOW HITPOINT WARNING * * *
Duvessa burns you.
You die...

._... .... ... #
#.#
###.#######.#######
...................
...................
......)@e..<.......
...................
...................
###.#######.#######
# #.# ... ....
._...


You could see Duvessa (berserk, fast).

Vanquished Creatures
  A water moccasin (D:5)
  A black bear (D:5)
  2 phantoms (D:4)
  A necrophage (D:5)
  Dowan (Temple)
  2 hounds (D:4)
  An iguana (D:3)
  5 gnolls
  4 adders
  2 worms
  A dart slug (D:1)
  9 ball pythons
  3 bats
  7 endoplasms
  3 giant cockroaches
  6 goblins
  2 hobgoblins
  6 jackals
  10 kobolds
  A quokka (D:1)
  5 rats
73 creatures vanquished.

Notes
Turn   | Place    | Note
-------+----------+-------------------------------------------
     0 | D:1      | bande the Gargoyle Fighter began the quest for the Orb.
     0 | D:1      | Reached XP level 1. HP: 14/14 MP: 1/1
    65 | D:1      | Reached XP level 2. HP: 13/19 MP: 2/2
   581 | D:1      | Reached XP level 3. HP: 23/23 MP: 3/3
  1228 | D:2      | Reached XP level 4. HP: 28/28 MP: 4/4
  2126 | D:3      | Found a snail-covered altar of Cheibriados.
  2338 | D:3      | Found a hazy altar of Hepliaklqana.
  2338 | D:3      | Found a shimmering blue altar of Sif Muna.
  2620 | D:4      | Reached skill level 1 in Evocations
  2620 | D:4      | Reached XP level 5. HP: 33/33 MP: 5/5
  2644 | D:4      | Noticed a phantom
  2649 | D:4      | Killed a phantom
  2753 | D:4      | Reached XP level 6. HP: 38/38 MP: 6/6
  3039 | D:4      | Found a bloodstained altar of Trog.
  3353 | D:5      | Entered Level 5 of the Dungeon
  3366 | D:5      | Noticed a black bear
  3366 | D:5      | Noticed a water moccasin
  3372 | D:5      | Killed a black bear
  3374 | D:5      | Reached XP level 7. HP: 43/43 MP: 7/7
  3377 | D:5      | Reached skill level 5 in Armour
  3560 | D:5      | Found a staircase to the Ecumenical Temple.
  3561 | D:5      | Noticed Dowan
  3562 | D:5      | Noticed Duvessa
  3569 | Temple   | Entered the Ecumenical Temple
  3586 | Temple   | Killed Dowan
  3587 | Temple   | Reached skill level 5 in Axes
  3588 | Temple   | HP: 1/44 [Duvessa/+1 rapier of flaming (9)]
  3588 | Temple   | Slain by Duvessa

Illustrated notes

Levels and vault maps discovered:
D:1:      lemuel_arrival_muddy, layout_loops_ring, serial_glass,
          glass_columns_c, glass_columns_a, glass_columns_b, glass_columns_a,
          glass_columns_b, glass_columns_a, glass_columns_c, glass_columns_a
D:2:      layout_loops_ring
D:3:      layout_loops_ring, slow_altar_1, gammafunk_temple_overflow_pools
D:4:      layout_loops_cross, trog_antimagical
D:5:      layout_loops_corners, temple_fountains, chequers_jeans, uniq_duvessa
Temple:   dpeg_chambers_temple

Skill      XL: |  1  2  3  4  5  6  7 |
---------------+----------------------+-----
Axes           | 2 3 4 5 |  5.0
Armour         | 4 5 |  5.1
Evocations     | 1 2 |  2.7
Fighting       | 4 |  4.4
Shields        | 4 |  4.2

Action                   |  1- 3 |  4- 6 |  7- 9 || total
-------------------------+-------+-------+-------++-------
Melee: War axe           |    88 |    95 |    32 ||   215
  Use: Scroll            |       |     4 |     4 ||     8
Armor: Scale mail        |    53 |    16 |       ||    69
       Chain mail        |       |    55 |    23 ||    78
Dodge: Dodged            |    71 |    59 |    24 ||   154
Block: Buckler           |    30 |    26 |     8 ||    64

Table legend: (Time is in decaauts)
 A = Elapsed time spent in this place.
 B = Non-inter-level travel time spent in this place.
 C = Inter-level travel time spent in this place.
 D = Time resting spent in this place.
 E = Time spent auto-exploring this place.
 F = Levels seen in this place.
 G = Mean time per level.
                   A        B        C        D        E       F      G
               +--------+--------+--------+--------+--------+-----+--------+
         Total |   3668 |   3496 |    172 |      0 |   2775 |   6 |  611.3 |
       Dungeon |   3645 |   3473 |    172 |      0 |   2775 |   5 |  729.0 |
        Temple |     23 |     23 |      0 |      0 |      0 |   1 |   23.0 |
               +--------+--------+--------+--------+--------+-----+--------+

Top non-repeatable levels by time:
     D:3: 940 daAuts
     D:2: 869 daAuts
     D:1: 829 daAuts
     D:4: 783 daAuts
     D:5: 222 daAuts
  Temple: 23 daAuts
